 Dungeon Crawl Stone Soup version 0.20.1-1-g8b1a95d (webtiles) character file.

6290 manon the Carver (level 10, -6/92 HPs)
             Began as a Minotaur Fighter on Oct 27, 2017.
             Was a Priest of Makhleb.
             Mangled by Josephine
             ... wielding a +1 dagger of electrocution
              (18 damage)
             ... on level 10 of the Dungeon.
             The game lasted 00:41:34 (8880 turns).

manon the Carver (Minotaur Fighter)                 Turns: 8880, Time: 00:41:34

Health: -6/92      AC: 12    Str: 26    XL:     10   Next: 63%
Magic:  14/14      EV:  7    Int:  6    God:    Makhleb [***...]
Gold:   576        SH:  0    Dex: 12    Spells: 7/9 levels left

rFire    + . .     SeeInvis .   a - +2 great sword (holy)
rCold    + . .     Gourm    .   (shield currently unavailable)
rNeg     . . .     Faith    .   x - +0 plate armour
rPois    .         Spirit   .   (helmet restricted)
rElec    .         Reflect  .   K - scarf {rC+ rF+}
rCorr    +         Harm     .   Y - +0 pair of gloves
MR       +....                  (no boots)
Stlth    ..........             J - amulet of rage
Regen    0.3/turn               C - ring of resist corrosion
MPRegen  0.2/turn               I - ring of protection from magic

@: mighty, slowed, drained, very slow
A: retaliatory headbutt, horns 2
a: Minor Destruction, Lesser Servant of Makhleb, Renounce Religion, Evoke
Berserk Rage


You were on level 10 of the Dungeon.
You worshipped Makhleb.
Makhleb was most pleased with you.
You were very hungry.

You visited 2 branches of the dungeon, and saw 12 of its levels.
You also visited: Sewer.

You collected 804 gold pieces.
You spent 228 gold pieces at shops.

Inventory:

Hand Weapons
 a - a +2 great sword of holy wrath (weapon)
 b - a +0 hunting sling
 P - a +0 shortbow
 U - a +2 scimitar of flaming
 X - a +2 long sword of freezing
Missiles
 e - 95 sling bullets
 i - 120 bolts
 o - 107 arrows
 t - 2 throwing nets (quivered)
 N - 12 poisoned needles
Armour
 c - a +0 shield
 j - a +0 cloak of invisibility
 x - a +0 plate armour (worn)
 K - a scarf of resistance (worn)
 Y - a +0 pair of gloves (worn)
Magical Staves
 O - an uncursed staff of death {unknown}
Jewellery
 y - a +1 ring of protection
 B - a +2 ring of protection
 C - a ring of resist corrosion (left hand)
 D - an uncursed ring of positive energy
 I - a ring of protection from magic (right hand)
 J - an amulet of rage (around neck)
 Z - an uncursed ring of protection from fire
Wands
 r - a wand of iceblast (9/15)
 A - a wand of iceblast (6/15)
 L - a wand of iceblast (2/15)
 R - a wand of iceblast (6/15)
 V - a wand of random effects (20/48)
Scrolls
 g - a scroll of random uselessness {unknown}
 k - 2 scrolls of recharging
 l - 5 scrolls of fear
 m - 3 scrolls of teleportation
 n - a scroll of blinking
 p - a scroll of immolation
 q - 2 scrolls of magic mapping
 s - a scroll of amnesia {unknown}
 u - a scroll of enchant armour {unknown}
 G - a scroll of fog
 T - a scroll of holy word {unknown}
Potions
 d - 3 potions of curing
 z - 2 potions of cancellation
 E - 4 potions of lignification
 M - 4 potions of flight
 S - a potion of haste
 W - a potion of mutation
Books
 F - a book of Minor Magic

   Spells                             Type                      Level
   a - Magic Dart                     Conjuration                  1
   b - Blink                          Translocation                2
   c - Call Imp                       Summoning                    2
   d - Slow                           Hexes                        2
   e - Conjure Flame                  Conjuration/Fire             3
   f - Mephitic Cloud                 Conjuration/Poison/Air       3
Comestibles
 f - 6 bread rations
 h - 2 fruits
 v - 6 meat rations
 w - 14 royal jellies


   Skills:
 - Level 9.7(8.8) Fighting
 - Level 14.0(12.9) Long Blades
 * Level 4.7(3.8) Armour
 + Level 1.5(0.7) Dodging
 - Level 3.6(2.8) Shields
 + Level 6.7(5.8) Invocations
 + Level 1.0(0.2) Evocations


You had 7 spell levels left.
You knew the following spells:

 Your Spells              Type           Power        Failure   Level  Hunger
b - Blink                 Tloc           N/A          100%        2    ###....


Dungeon Overview and Level Annotations

Branches:
Dungeon (10/15)            Temple (0/1) D:4             Orc (2/2) D:9
   Lair: D:8-11         Elf: Orc:2

Altars:
Dithmenos
Elyvilon
Kikubaaqudgha
Makhleb
Okawaru
The Shining One

Shops:
D:4 [   D:7 (

Annotations:
D:10 Josephine


Innate Abilities, Weirdness & Mutations

You reflexively headbutt those who attack you in melee.
You have a pair of horns on your head.


Message History

You feel very mighty all of a sudden. Josephine barely misses you.
You slice Josephine!!
Josephine is severely wounded.
Josephine casts a spell at you.
The ghostly flame explodes!
The ghostly fireball engulfs you!
You feel drained.
The ghostly fireball engulfs Josephine.
Josephine completely resists.
Josephine hits you with a dagger of electrocution.
You are electrocuted!
* * * LOW HITPOINT WARNING * * *
You closely miss Josephine.
Josephine is severely wounded.
Josephine is infused with unholy energy.
* * * LOW HITPOINT WARNING * * *
Josephine draws life force from you and is healed!
You feel better.
Josephine hits you with a dagger of electrocution.
* * * LOW HITPOINT WARNING * * *
Josephine hits you but does no damage.
You are electrocuted!
You die...

+........#
#........#
#........#
#........#
#........#
#..W.....#
#..WW....#
####W..##
#.@@W...#
+.#####.+
#.....# #
#[###.###
#...#...#
###.###.#
#...#...#
######'##
#..#


You could see Josephine and 2 wraiths.

Vanquished Creatures
  The ghost of othur the Severer, a novice MiCK of Xom (D:9)
  Erica (D:8)
  Grinder (D:6)
  Prince Ribbit (D:6)
  A wraith (D:10)
  Grum (D:8)
  A warg (Orc:1)
  Duvessa (D:6)
  3 ice beasts
  3 orc warriors
  A phantom (D:6)
  3 sky beasts
  2 centaurs
  7 ogres
  3 wolves (D:8)
  7 bullfrogs
  Blork the orc (D:6)
  Dowan (D:6)
  The ghost of Monsterracer the Covered, a weakling DDFi (D:4)
  4 wights (D:6)
  5 killer bees (D:9)
  3 howler monkeys
  3 orc priests
  A centaur skeleton (D:9)
  A hound (D:3)
  8 jellies
  3 bullfrog skeletons
  A gnoll shaman (D:7)
  3 orc wizards
  An iguana (D:4)
  A merfolk siren (Sewer)
  4 worker ants
  A merfolk avatar (Sewer)
  A hound skeleton (D:4)
  2 worker ant zombies
  17 adders
  9 gnolls
  2 river rats (Sewer)
  A shadow imp (D:6)
  8 oozes
  An adder zombie (D:5)
  2 adder skeletons
  2 worms (D:3)
  2 dart slugs (D:1)
  12 leopard geckos
  28 orcs
  9 giant cockroaches
  A goblin (D:1)
  3 hobgoblins
  11 jackals
  2 quokkas
  7 ball pythons
  6 bats
  10 frilled lizards
  A jackal skeleton (D:4)
  10 kobolds
  A leopard gecko skeleton (D:6)
  A leopard gecko zombie (D:5)
  A quokka zombie (D:5)
  27 rats
256 creatures vanquished.

Vanquished Creatures (others)
  A centaur zombie (D:8)
1 creature vanquished.

Grand Total: 257 creatures vanquished

Notes
Turn   | Place    | Note
-------+----------+-------------------------------------------
     0 | D:1      | manon the Minotaur Fighter began the quest for the Orb.
     0 | D:1      | Reached XP level 1. HP: 19/19 MP: 0/0
    97 | D:1      | Reached skill level 3 in Long Blades
   102 | D:1      | Reached XP level 2. HP: 22/27 MP: 1/1
   363 | D:1      | Reached XP level 3. HP: 32/33 MP: 2/2
   747 | D:2      | Reached skill level 4 in Long Blades
  1266 | D:2      | Reached XP level 4. HP: 38/41 MP: 3/3
  1413 | D:3      | Found a glowing drain.
  1423 | Sewer    | Entered a sewer
  1460 | Sewer    | Reached skill level 5 in Long Blades
  1536 | Sewer    | Reached XP level 5. HP: 31/47 MP: 4/4
  1700 | Sewer    | Reached skill level 5 in Fighting
  1913 | D:3      | Reached skill level 6 in Long Blades
  2076 | D:3      | Learned a level 2 spell: Blink
  2413 | D:3      | Found a shadowy altar of Dithmenos.
  2456 | D:3      | Reached XP level 6. HP: 56/56 MP: 5/5
  2740 | D:3      | Reached skill level 7 in Long Blades
  2750 | D:3      | Found a burning altar of Makhleb.
  2778 | D:3      | Became a worshipper of Makhleb the Destroyer
  2915 | D:4      | Found Gawoxeuf's Armour Emporium.
  2975 | D:4      | Reached skill level 1 in Invocations
  3026 | D:4      | Reached XP level 7. HP: 10/63 MP: 5/7
  3173 | D:4      | Reached skill level 8 in Long Blades
  3272 | D:4      | Noticed Monsterracer's ghost (weakling DDFi)
  3278 | D:4      | Killed Monsterracer's ghost
  3329 | D:4      | Found an ancient bone altar of Kikubaaqudgha.
  3462 | D:4      | Found a staircase to the Ecumenical Temple.
  3539 | D:5      | Entered Level 5 of the Dungeon
  3552 | D:5      | Reached * piety under Makhleb
  4010 | D:5      | Reached skill level 9 in Long Blades
  4010 | D:5      | Reached XP level 8. HP: 49/73 MP: 7/9
  4286 | D:6      | Noticed Prince Ribbit
  4833 | D:6      | Noticed Blork the orc
  4840 | D:6      | Killed Blork the orc
  5083 | D:7      | Reached skill level 10 in Long Blades
  5268 | D:7      | Identified the +2 leather armour "Ruffelo" {rElec} (You found it on level 7 of the Dungeon)
  5312 | D:7      | Reached ** piety under Makhleb
  5584 | D:7      | Found a white marble altar of Elyvilon.
  5628 | D:6      | Reached XP level 9. HP: 82/82 MP: 11/11
  5994 | D:7      | Reached skill level 11 in Long Blades
  6089 | D:8      | Reached skill level 5 in Invocations
  6179 | D:7      | Found Enoegoot's Antique Weapon Shoppe.
  6187 | D:7      | Bought a runed great sword for 228 gold pieces
  6301 | D:6      | Noticed Grinder
  6308 | D:6      | Paralysed by Grinder for 2 turns
  6310 | D:6      | Killed Grinder
  6336 | D:6      | Reached *** piety under Makhleb
  6764 | D:6      | Noticed Dowan
  6765 | D:6      | Noticed Duvessa
  6771 | D:6      | Killed Duvessa
  6786 | D:6      | Killed Dowan
  6805 | D:6      | Reached skill level 12 in Long Blades
  6832 | D:6      | Found a white marble altar of Elyvilon.
  7004 | D:6      | Killed Prince Ribbit
  7170 | D:8      | Noticed Grum
  7181 | D:8      | Killed Grum
  7188 | D:8      | Reached XP level 10. HP: 57/91 MP: 13/13
  7346 | D:8      | Noticed Erica
  7366 | D:8      | Killed Erica
  7753 | D:9      | Reached skill level 13 in Long Blades
  7788 | D:9      | Found a staircase to the Orcish Mines.
  7823 | D:9      | Noticed othur's ghost (novice MiCK)
  7911 | D:9      | Killed othur's ghost
  8118 | D:9      | Found an iron altar of Okawaru.
  8120 | D:9      | Found a glowing golden altar of the Shining One.
  8285 | D:9      | Reached skill level 14 in Long Blades
  8650 | Orc:1    | Entered Level 1 of the Orcish Mines
  8688 | Orc:2    | Entered Level 2 of the Orcish Mines
  8697 | Orc:2    | Reached skill level 1 in Dodging
  8702 | Orc:2    | Noticed a stone giant
  8830 | D:10     | Entered Level 10 of the Dungeon
  8864 | D:10     | Noticed Josephine
  8872 | D:10     | Reached skill level 1 in Evocations
  8880 | D:10     | Mangled by Josephine

Skill      XL: |  1  2  3  4  5  6  7  8  9 10 |
---------------+-------------------------------+-----
Long Blades    | 3 4 5 6 7 9 10 12 14 | 14.0
Fighting       | 4 5 6 7 8 9 |  9.7
Invocations    | 1 2 4 6 |  6.7
Armour         | 4 |  4.7
Dodging        | 1 |  1.5
Evocations     | 1 |  1.0
Shields        | |  3.6

Action                   |  1- 3 |  4- 6 |  7- 9 | 10-12 || total
-------------------------+-------+-------+-------+-------++-------
Melee: Long sword        |    71 |   255 |   297 |    52 ||   675
       Headbutt          |    13 |    41 |    73 |    14 ||   141
       Great sword       |       |       |    78 |    48 ||   126
 Fire: Hunting sling     |       |       |    27 |       ||    27
Invok: Lesser Servant of |       |       |       |     1 ||     1
Evoke: Wand              |       |       |     7 |     1 ||     8
  Use: Scroll            |     2 |     6 |     9 |     5 ||    22
       Potion            |       |     3 |     3 |     4 ||    10
 Stab: Confused          |       |       |     2 |       ||     2
  Eat: Chunk             |       |     7 |    11 |     3 ||    21
       Fruit             |       |       |     2 |     3 ||     5
Armor: Scale mail        |    27 |       |       |       ||    27
       Plate armour      |     5 |   149 |   155 |    50 ||   359
Dodge: Dodged            |    24 |    39 |    50 |    14 ||   127
Block: Shield            |    24 |   121 |   119 |     9 ||   273
       Rpst.: Long sword |     7 |    11 |     5 |       ||    23
       Great sword       |       |       |     4 |     2 ||     6
